Map: Solaris LE

Players

MaxPax

  • Race: Protoss Protoss
  • League: Master
  • Spawn Location: 7:00

Serral - Winner!

  • Race: Zerg Zerg
  • Spawn Location: 1:00

VOD

Have the link to the VOD?

Description

Time

  • Played on: Oct. 18, 2023, 10:20 a.m.
  • Length: 11:14
Show
View Real Time Build Order
Export as new Build Order

MaxPax Protoss 

Build Orders: 1 Gate Expand, Archon Immortal 

Get SALT Encoding   

  12  0:00  Probe  
  13  0:12  Probe  
  14  0:19  Pylon  
  14  0:24  Probe  
  15  0:38  Probe (Chrono Boost)  
  15  0:40  Gateway  
  16  0:46  Probe (Chrono Boost)  
  17  0:50  Assimilator  
  17  0:52  Probe  
  18  1:04  Probe  
  19  1:16  Probe  
  20  1:27  Nexus  
  20  1:37  Cybernetics Core  
  20  1:39  Probe  
  21  1:46  Assimilator  
  21  1:51  Probe  
  21  1:53  Pylon  
  22  2:03  Probe  
  23  2:10  Adept (Chrono Boost)  
  23  2:13  Warp Gate  
  23  2:15  Probe  
  26  2:22  Twilight Council  
  26  2:27  Probe  
  27  2:30  Adept (Chrono Boost)  
  29  2:39  Probe (Chrono Boost)  
  31  2:45  Probe (Chrono Boost)  
  31  2:48  Probe (Chrono Boost)  
  32  2:52  Probe (Chrono Boost)  
  32  2:53  Stalker, Probe (Chrono Boost)  
  36  3:03  Probe  
  36  3:04  Gateway  
  37  3:05  Probe  
  37  3:09  Gateway  
  37  3:11  Resonating Glaives (Chrono Boost)  
  38  3:16  Probe  
  38  3:18  Probe  
  40  3:25  Pylon  
  40  3:28  Probe  
  40  3:30  Probe  
  42  3:40  Probe  
  43  3:43  Probe  
  43  3:46  Nexus  
  44  3:48  Pylon  
  44  3:52  Probe  
  44  3:55  Probe  
  46  4:01  Adept  
  46  4:02  Adept  
  50  4:04  Adept, Probe  
  50  4:07  Probe  
  54  4:10  Robotics Facility  
  54  4:14  Assimilator  
  54  4:16  Assimilator, Probe  
  55  4:19  Probe  
  55  4:22  Pylon  
  56  4:24  Adept  
  56  4:28  Adept  
  56  4:29  Adept  
  62  4:36  Shield Battery  
  62  4:40  Probe x2  
  62  4:42  Dark Shrine  
  64  4:52  Probe  
  65  4:56  Probe  
  65  4:59  Immortal (Chrono Boost)  
  71  5:08  Gateway  
  71  5:09  Adept, Gateway  
  71  5:11  Adept  
  71  5:12  Adept  
  71  5:13  Probe  
  74  5:17  Probe  
  74  5:20  Probe  
  64  5:23  Shield Battery  
  64  5:26  Pylon  
  64  5:30  Sentry, Gateway  
  64  5:32  Sentry  
  64  5:33  Probe  
  64  5:34  Probe  
  64  5:35  Probe  
  71  5:38  Adept  
  73  5:56  Dark Templar  
  73  5:57  Dark Templar, Warp Prism (Chrono Boost)  
  69  6:02  Dark Templar, Gateway  
  69  6:03  Charge (Chrono Boost)  
  57  6:10  Probe  
  57  6:19  Gateway  
  57  6:20  Pylon  
  57  6:21  Dark Templar  
  57  6:22  Dark Templar  
  60  6:31  Pylon  
  60  6:38  Dark Templar x2  
  64  6:42  Archon  
  64  6:43  Zealot x2  
  64  6:45  Pylon, Observer (Chrono Boost)  
  69  6:51  Probe  
  70  6:57  Archon  
  70  7:00  Archon  
  70  7:08  Dark Templar x2, Zealot x3  
  74  7:12  Archon  
  80  7:16  Nexus  
  80  7:20  Pylon  
  80  7:29  Sentry x2  
  84  7:30  Zealot  
  84  7:32  Pylon  
  86  7:43  Zealot x4  
  94  7:50  Zealot  
  94  7:52  Probe  
  94  7:53  Immortal (Chrono Boost), Probe  
  100  8:06  Templar Archives  
  100  8:11  Forge  
  100  8:16  Zealot  
  100  8:18  Pylon  
  102  8:21  Pylon  
  102  8:27  Immortal (Chrono Boost)  
  102  8:30  Probe x2  
  108  8:34  Probe  
  109  8:42  Probe x2  
  109  8:48  High Templar x2  
  115  8:51  Protoss Ground Weapons Level 1 (Chrono Boost), Zealot x4  
  115  8:53  Archon, Zealot  
  113  9:03  Zealot  
  113  9:07  Shield Battery  
  115  9:11  Immortal (Chrono Boost)  
  115  9:15  Probe x2  
  119  9:26  Probe  
  119  9:27  High Templar  
  119  9:28  Assimilator, Probe  
  119  9:29  Assimilator  
  121  9:32  Psionic Storm  
  121  9:37  High Templar  
  123  9:39  Probe  
  124  9:52  Zealot x4  
  132  9:58  Pylon x2  
  132  10:04  Pylon  
  132  10:11  Pylon  
  132  10:13  Pylon  
  127  10:15  High Templar x2  
  127  10:16  High Templar  
  127  10:18  Zealot x5  
  119  10:39  Zealot  
  119  10:40  Zealot x3  
  121  10:46  Zealot  
  99  10:54  Zealot x3  
  91  10:59  Archon  
  91  11:00  Zealot  
  91  11:01  Zealot  
  78  11:07  Zealot x3  
Show
View Real Time Build Order
Export as new Build Order

Serral Zerg - Winner!

Build Orders: Hatch First, Zergling Baneling 

Get SALT Encoding   

  12  0:00  Drone  
  13  0:08  Drone  
  14  0:32  Hatchery  
  14  0:35  Drone  
  14  0:41  Extractor, Drone  
  15  0:57  Spawning Pool  
  14  1:03  Overlord  
  14  1:09  Extractor  
  14  1:10  Drone  
  15  1:22  Drone x2  
  17  1:25  Drone  
  18  1:36  Extractor, Drone  
  18  1:43  Queen  
  20  1:47  Queen  
  20  1:51  Zergling x2  
  23  1:54  Drone  
  23  1:57  Drone  
  23  2:00  Drone  
  26  2:07  Overlord  
  26  2:08  Drone  
  27  2:16  Drone  
  28  2:25  Queen  
  28  2:27  Drone  
  28  2:28  Drone  
  32  2:38  Overlord, Drone  
  33  2:47  Hatchery  
  33  2:51  Zergling x2  
  33  2:57  Zergling x2  
  35  2:58  Drone x3  
  35  3:01  Drone  
  35  3:04  Zergling x2  
  39  3:07  Metabolic Boost  
  39  3:12  Overlord  
  39  3:19  Queen  
  41  3:22  Drone x2  
  41  3:24  Drone  
  43  3:31  Drone, Overlord  
  43  3:32  Drone  
  45  3:34  Drone  
  45  3:38  Drone x2  
  48  3:42  Overlord  
  48  3:50  Drone x2  
  48  3:52  Extractor  
  48  3:54  Drone  
  50  4:00  Zergling x2, Overlord  
  51  4:04  Zergling x2  
  51  4:05  Baneling Nest  
  51  4:08  Zergling x12  
  57  4:11  Zergling x2  
  58  4:17  Overlord  
  58  4:20  Zergling x2  
  58  4:22  Zergling x2  
  60  4:31  Zergling x6  
  63  4:39  Zergling x18  
  63  4:45  Zergling x4  
  74  4:51  Baneling x9  
  74  4:55  Zergling x6  
  77  5:00  Overlord  
  76  5:08  Zergling x12  
  81  5:16  Zergling x2  
  76  5:21  Zergling x14  
  76  5:26  Baneling x7  
  76  5:27  Baneling  
  82  5:29  Drone  
  82  5:32  Spore Crawler  
  81  5:36  Baneling x2  
  81  5:38  Zergling x8  
  82  5:46  Zergling x10  
  82  5:47  Baneling x2  
  80  5:58  Drone x2  
  80  5:59  Drone x4  
  80  6:03  Drone x2  
  84  6:06  Drone  
  84  6:07  Spore Crawler, Drone  
  81  6:12  Lair  
  81  6:15  Drone x2  
  82  6:21  Roach Warren  
  82  6:23  Drone x2  
  83  6:29  Overlord  
  83  6:32  Drone x5  
  88  6:35  Overlord  
  88  6:40  Overlord x2  
  88  6:44  Extractor  
  88  6:46  Drone x3  
  89  6:51  Extractor  
  89  6:52  Overlord  
  88  7:01  Roach x6  
  100  7:04  Roach  
  100  7:08  Roach  
  104  7:09  Spine Crawler  
  104  7:13  Roach x5  
  104  7:14  Roach  
  115  7:20  Overlord  
  115  7:21  Baneling x3  
  115  7:29  Roach x5  
  125  7:31  Overlord  
  125  7:38  Overlord  
  125  7:39  Overlord  
  125  7:43  Ravager x2  
  124  7:45  Drone  
  124  7:46  Drone x4  
  129  7:52  Evolution Chamber  
  129  7:55  Glial Reconstitution  
  129  7:58  Drone x4  
  132  8:02  Overlord  
  132  8:05  Roach x5  
  142  8:08  Overseer  
  142  8:13  Extractor x2  
  142  8:18  Drone  
  142  8:19  Drone x4  
  145  8:25  Zerg Missile Weapons Level 1  
  145  8:27  Centrifugal Hooks  
  145  8:30  Hatchery  
  144  8:35  Overlord x3  
  144  8:41  Roach x5  
  154  8:45  Overlord  
  154  8:54  Roach  
  154  8:55  Roach x5  
  165  9:02  Roach x5  
  170  9:11  Drone x3  
  170  9:12  Drone x2  
  170  9:15  Baneling x5  
  175  9:17  Roach x3  
  181  9:27  Roach  
  181  9:28  Roach x2  
  186  9:33  Ravager x3  
  186  9:35  Zergling x12  
  186  9:36  Zergling x4  
  197  9:46  Zergling x4  
  199  9:57  Baneling x6  
  199  9:58  Baneling x6  
  199  9:59  Baneling x8  
  197  10:08  Zergling x4  
  197  10:14  Overseer x2  
  196  10:28  Zergling x24  
  195  10:38  Roach  
  195  10:39  Roach  
  196  10:44  Zergling x14  
  196  10:49  Zergling x8  
Tags
 
Add a new tag
Caveats
  • Supply blocks, unpowered buildings, or Contaminate may cause inaccurate times.
  • Supply counts are checked every 10 seconds.